| TOP OF THE 1ST |
|
California Angels batting - Pitching for Toronto Blue Jays : RHP Matt Altieri
|
|
Pitching: RHP Matt Altieri
|
|
|
Batting: RHB Bjoern Waltersson
|
0-0: Called Strike 0-1: Ball 1-1: Foul Ball, location: 2F 1-2: Foul Ball, location: 2F 1-2: Strikes out swinging
|
|
Batting: RHB Nick Dunn
|
0-0: Ground out 5-3 (Groundball, 56, EV 81.9 MPH)
|
|
Batting: RHB Ruben Velasco
|
0-0: Foul Ball, location: 2F 0-1: Ball 1-1: Swinging Strike 1-2: Strikes out swinging
|
| Top of the 1st over - 0 runs, 0 hits, 0 errors, 0 left on base; California 0 - Toronto 0 |
| BOTTOM OF THE 1ST |
|
Toronto Blue Jays batting - Pitching for California Angels : RHP Harambe Vick
|
|
Pitching: RHP Harambe Vick
|
|
|
Batting: RHB Donny Burnside
|
0-0: Swinging Strike 0-1: Ball 1-1: Ball 2-1: Foul Ball, location: 2F 2-2: Strikes out swinging
|
|
Batting: RHB Danny Burnside
|
0-0: Foul Ball, location: 2F 0-1: Swinging Strike 0-2: Ball 1-2: Ball 2-2: Fly out, F4 (Line Drive, 4, EV 71.9 MPH)
|
|
Batting: SHB Zory Larikov
|
0-0: Called Strike 0-1: Called Strike 0-2: Ball 1-2: Ball 2-2: Strikes out looking
|
| Bottom of the 1st over - 0 runs, 0 hits, 0 errors, 0 left on base; California 0 - Toronto 0 |
| TOP OF THE 2ND |
|
California Angels batting - Pitching for Toronto Blue Jays : RHP Matt Altieri
|
|
Batting: LHB Javier Trujillo
|
0-0: Ball 1-0: Ball 2-0: Called Strike 2-1: Foul Ball, location: 2F 2-2: Ground out 6-3 (Groundball, 6, EV 89.4 MPH)
|
|
Batting: RHB Alain Delhaye
|
0-0: Ground out 5-3 (Groundball, 56S, EV 82.5 MPH)
|
|
Batting: RHB Luis Romero
|
0-0: Foul Ball, location: 2F 0-1: Foul Ball, location: 2F 0-2: Ball 1-2: Fly out, F9 (Flyball, 9, EV 96.2 MPH)
|
| Top of the 2nd over - 0 runs, 0 hits, 0 errors, 0 left on base; California 0 - Toronto 0 |
| BOTTOM OF THE 2ND |
|
Toronto Blue Jays batting - Pitching for California Angels : RHP Harambe Vick
|
|
Batting: LHB Willis Robles
|
0-0: Called Strike 0-1: Foul Ball, location: 2F 0-2: Ball 1-2: Ball 2-2: Ball 3-2: Foul Ball, location: 2F 3-2: Base on Balls
|
|
Batting: LHB Nate Dean
|
0-0: Ball 1-0: Foul Ball, location: 2F 1-1: Ball 2-1: Foul Ball, location: 2F 2-2: Fielders Choice at 2nd, 4-6 (Groundball, 34S, EV 93.1 MPH)
|
|
Batting: LHB Michael Byrd
|
0-0: Swinging Strike 0-1: Called Strike 0-2: Ball 1-2: Foul Ball, location: 2F 1-2: Foul Ball, location: 2F 1-2: Ball 2-2: Ball 3-2: Foul Ball, location: 2F 3-2: Strikes out swinging
|
|
Batting: LHB Jon Schick
|
0-0: Called Strike 0-1: Called Strike 0-2: Foul Ball, location: 2F 0-2: Ball 1-2: Ball 2-2: Fly out, F8 (Flyball, 8RD, EV 87.5 MPH)
|
| Bottom of the 2nd over - 0 runs, 0 hits, 0 errors, 1 left on base; California 0 - Toronto 0 |
| TOP OF THE 3RD |
|
California Angels batting - Pitching for Toronto Blue Jays : RHP Matt Altieri
|
|
Batting: RHB Mike Harkins
|
0-0: Ball 1-0: Called Strike 1-1: Swinging Strike 1-2: Ground out U3 (Groundball, 34S, EV 78.8 MPH)
|
|
Batting: RHB Avery Maxwell
|
0-0: SINGLE (Groundball, 6MD, EV 101.9 MPH)
|
|
Batting: LHB Micah Miller
|
0-0: Ball 1-0: Foul Ball, location: 2F 1-1: Foul Ball, location: 2F 1-2: Strikes out swinging
|
|
Batting: RHB Bjoern Waltersson
|
0-0: Ball 1-0: Called Strike 1-1: Ground out U3 (Groundball, 3, EV 86.2 MPH)
|
| Top of the 3rd over - 0 runs, 1 hit, 0 errors, 1 left on base; California 0 - Toronto 0 |
| BOTTOM OF THE 3RD |
|
Toronto Blue Jays batting - Pitching for California Angels : RHP Harambe Vick
|
|
Batting: RHB Brock Van Gilder
|
0-0: Ball 1-0: Ball 2-0: Called Strike 2-1: SOLO HOME RUN (Flyball, 7LD, EV 96.9 MPH), Distance : 352 ft
|
|
Batting: RHB Kirk Arp
|
0-0: Called Strike 0-1: Ground out U3 (Groundball, 3S, EV 85.0 MPH)
|
|
Batting: RHB Donny Burnside
|
0-0: Swinging Strike 0-1: Called Strike 0-2: Ball 1-2: Ball 2-2: Ground out 6-3 (Groundball, 6, EV 110.0 MPH)
|
|
Batting: RHB Danny Burnside
|
0-0: Ball 1-0: Ball 2-0: Ball 3-0: Called Strike 3-1: Base on Balls
|
|
Batting: SHB Zory Larikov
|
0-0: Foul Ball, location: 2F 0-1: Called Strike 0-2: Strikes out swinging
|
| Bottom of the 3rd over - 1 run, 1 hit, 0 errors, 1 left on base; California 0 - Toronto 1 |
| TOP OF THE 4TH |
|
California Angels batting - Pitching for Toronto Blue Jays : RHP Matt Altieri
|
|
Batting: RHB Nick Dunn
|
0-0: Called Strike 0-1: Fly out, F6 (Popup, 6S, EV 69.4 MPH)
|
|
Batting: RHB Ruben Velasco
|
0-0: Ball 1-0: Swinging Strike 1-1: Ball 2-1: Swinging Strike 2-2: Ball 3-2: Strikes out swinging
|
|
Batting: LHB Javier Trujillo
|
0-0: Called Strike 0-1: Ball 1-1: Called Strike 1-2: Ball 2-2: Foul Ball, location: 2F 2-2: Fly out, F5 (Popup, 5F, EV 76.9 MPH)
|
| Top of the 4th over - 0 runs, 0 hits, 0 errors, 0 left on base; California 0 - Toronto 1 |
| BOTTOM OF THE 4TH |
|
Toronto Blue Jays batting - Pitching for California Angels : RHP Harambe Vick
|
|
Batting: LHB Willis Robles
|
0-0: Ball 1-0: Ball 2-0: Swinging Strike 2-1: Fly out, F8 (Line Drive, 78M, EV 93.1 MPH)
|
|
Batting: LHB Nate Dean
|
0-0: Ball 1-0: Ball 2-0: Swinging Strike 2-1: Called Strike 2-2: Foul Ball, location: 2F 2-2: Ball 3-2: Fly out, F8 (Flyball, 8LXD, EV 95.0 MPH)
|
|
Batting: LHB Michael Byrd
|
0-0: Called Strike 0-1: Ball 1-1: Foul Ball, location: 2F 1-2: Foul Ball, location: 2F 1-2: Fly out, F7 (Flyball, 78D, EV 101.2 MPH)
|
| Bottom of the 4th over - 0 runs, 0 hits, 0 errors, 0 left on base; California 0 - Toronto 1 |
| TOP OF THE 5TH |
|
California Angels batting - Pitching for Toronto Blue Jays : RHP Matt Altieri
|
|
Batting: RHB Alain Delhaye
|
0-0: Foul Ball, location: 2F 0-1: Foul Ball, location: 2F 0-2: Strikes out swinging
|
|
Batting: RHB Luis Romero
|
0-0: Ball 1-0: Ball 2-0: SOLO HOME RUN (Flyball, 7D, EV 96.9 MPH), Distance : 373 ft
|
|
Batting: RHB Mike Harkins
|
0-0: Called Strike 0-1: Called Strike 0-2: Ball 1-2: Ball 2-2: SINGLE (Line Drive, 6M, EV 101.2 MPH)
|
|
Batting: RHB Avery Maxwell
|
0-0: Called Strike 0-1: Called Strike 0-2: Ball 1-2: Ball 2-2: Foul Ball, location: 2F 2-2: Foul Ball, location: 2F 2-2: SINGLE (Line Drive, 7S, EV 101.2 MPH) Mike Harkins to second
|
|
Batting: LHB Micah Miller
|
0-0: Foul Ball, location: 2F 0-1: Ball 1-1: Ball 2-1: Foul Ball, location: 2F 2-2: Foul Ball, location: 2F 2-2: Strikes out looking
|
|
Batting: RHB Bjoern Waltersson
|
0-0: Called Strike 0-1: Fielders Choice at 2nd, 5-4 (Groundball, 56, EV 108.1 MPH)
|
| Top of the 5th over - 1 run, 3 hits, 0 errors, 2 left on base; California 1 - Toronto 1 |
| BOTTOM OF THE 5TH |
|
Toronto Blue Jays batting - Pitching for California Angels : RHP Harambe Vick
|
|
Batting: LHB Jon Schick
|
0-0: DOUBLE (Flyball, 89D, EV 104.4 MPH)
|
|
Batting: RHB Brock Van Gilder
|
0-0: Foul Ball, location: 2F 0-1: Swinging Strike 0-2: Ball 1-2: Foul Ball, location: 2F 1-2: Ball 2-2: Strikes out looking
|
|
Batting: RHB Kirk Arp
|
0-0: Swinging Strike 0-1: Foul Ball, location: 2F 0-2: Ball 1-2: Strikes out swinging
|
|
Batting: RHB Donny Burnside
|
0-0: Ball 1-0: Called Strike 1-1: Fly out, F8 (Flyball, 89M, EV 86.2 MPH)
|
| Bottom of the 5th over - 0 runs, 1 hit, 0 errors, 1 left on base; California 1 - Toronto 1 |
| TOP OF THE 6TH |
|
California Angels batting - Pitching for Toronto Blue Jays : RHP Matt Altieri
|
|
Batting: RHB Nick Dunn
|
0-0: Ball 1-0: Called Strike 1-1: Ball 2-1: Foul Ball, location: 2F 2-2: Ball 3-2: Fly out, F7 (Line Drive, 7S, EV 108.1 MPH)
|
|
Batting: RHB Ruben Velasco
|
0-0: Ball 1-0: Ball 2-0: Ground out 5-3 (Groundball, 56S, EV 91.2 MPH)
|
|
Batting: LHB Javier Trujillo
|
0-0: Foul Ball, location: 2F 0-1: Foul Ball, location: 2F 0-2: Ball 1-2: Strikes out swinging, 2-3 out at first.
|
| Top of the 6th over - 0 runs, 0 hits, 0 errors, 0 left on base; California 1 - Toronto 1 |
| BOTTOM OF THE 6TH |
|
Toronto Blue Jays batting - Pitching for California Angels : RHP Harambe Vick
|
|
Batting: RHB Danny Burnside
|
0-0: Ball 1-0: DOUBLE (Flyball, 78XD, EV 105.6 MPH)
|
|
Batting: SHB Zory Larikov
|
0-0: Ball 1-0: Foul Ball, location: 2F 1-1: Ball 2-1: Swinging Strike 2-2: SINGLE (Groundball, 4M, EV 107.5 MPH) (infield hit) Danny Burnside to third
|
|
Batting: LHB Willis Robles
|
0-0: Ball Zory Larikov steals 2nd base (no throw) 1-0: Ball 2-0: Foul Ball, location: 2F 2-1: Swinging Strike 2-2: Ball 3-2: Foul Ball, location: 2F 3-2: Strikes out swinging
|
|
Pitching: RHP Angel Marquez
|
|
|
Batting: LHB Nate Dean
|
0-0: Ball 1-0: Ball 2-0: Ball 3-0: Called Strike 3-1: Swinging Strike 3-2: Foul Ball, location: 2F 3-2: 3-RUN HOME RUN (Flyball, 89XD, EV 100.0 MPH), Distance : 401 ft
|
|
Batting: LHB Michael Byrd
|
0-0: Swinging Strike 0-1: SINGLE (Line Drive, 4MD, EV 96.2 MPH)
|
|
Batting: LHB Jon Schick
|
0-0: Ball 1-0: Called Strike 1-1: Fly out, F7 (Line Drive, 7, EV 91.9 MPH)
|
|
Batting: RHB Brock Van Gilder
|
0-0: Ball Michael Byrd is caught stealing 2nd base 2-4
|
| Bottom of the 6th over - 3 runs, 4 hits, 0 errors, 0 left on base; California 1 - Toronto 4 |
| TOP OF THE 7TH |
|
California Angels batting - Pitching for Toronto Blue Jays : RHP Matt Altieri
|
|
Now at 2B: Dylan Novakowski
|
|
|
Batting: RHB Alain Delhaye
|
0-0: Called Strike 0-1: Ball 1-1: Ground out 5-3 (Groundball, 56, EV 89.4 MPH)
|
|
Batting: RHB Luis Romero
|
0-0: Ball 1-0: Foul Ball, location: 2F 1-1: Ground out U3 (Groundball, 3, EV 86.2 MPH)
|
|
Batting: RHB Mike Harkins
|
0-0: Called Strike 0-1: Called Strike 0-2: Foul Ball, location: 2F 0-2: Ball 1-2: Ball 2-2: Ground out 4-3 (Groundball, 4, EV 90.6 MPH)
|
| Top of the 7th over - 0 runs, 0 hits, 0 errors, 0 left on base; California 1 - Toronto 4 |
| BOTTOM OF THE 7TH |
|
Toronto Blue Jays batting - Pitching for California Angels : RHP Angel Marquez
|
|
Pitching: RHP Ricky Castillo
|
|
|
Batting: RHB Brock Van Gilder
|
0-0: Ball 1-0: Ball 2-0: Ball 3-0: Called Strike 3-1: SINGLE (Groundball, 6D, EV 96.2 MPH)
|
|
Batting: RHB Kirk Arp
|
0-0: Ball 1-0: Ball 2-0: Sac Bunt to P - play at first, batter OUT! 1-3 Brock Van Gilder to second
|
|
Batting: RHB Donny Burnside
|
0-0: Ball 1-0: Foul Ball, location: 2F 1-1: Foul Ball, location: 2F 1-2: TRIPLE (Flyball, 89XD, EV 102.5 MPH) Brock Van Gilder scores
|
|
Batting: RHB Danny Burnside
|
0-0: Ball 1-0: Ground out 4-3 (Groundball, 4, EV 85.6 MPH) Donny Burnside scores
|
|
Batting: SHB Zory Larikov
|
0-0: Ball 1-0: Ball 2-0: Ball 3-0: Base on Balls
|
|
Batting: LHB Willis Robles
|
0-0: Called Strike Zory Larikov steals 2nd, throwing error, E2 Zory Larikov to third 0-1: Ball 1-1: Called Strike 1-2: Strikes out looking
|
| Bottom of the 7th over - 2 runs, 2 hits, 1 error, 1 left on base; California 1 - Toronto 6 |
| TOP OF THE 8TH |
|
California Angels batting - Pitching for Toronto Blue Jays : RHP Matt Altieri
|
|
Batting: RHB Avery Maxwell
|
0-0: Called Strike 0-1: Foul Ball, location: 2F 0-2: Ball 1-2: Foul Ball, location: 2F 1-2: Fly out, F9 (Flyball, 9D, EV 88.8 MPH)
|
|
Batting: LHB Micah Miller
|
0-0: Called Strike 0-1: Fly out, F8 (Flyball, 8RM, EV 88.8 MPH)
|
|
Batting: RHB Bjoern Waltersson
|
0-0: Ball 1-0: Called Strike 1-1: Ball 2-1: Called Strike 2-2: Ground out 4-3 (Groundball, 4, EV 100.6 MPH)
|
| Top of the 8th over - 0 runs, 0 hits, 0 errors, 0 left on base; California 1 - Toronto 6 |
| BOTTOM OF THE 8TH |
|
Toronto Blue Jays batting - Pitching for California Angels : RHP Ricky Castillo
|
|
Batting: LHB Nate Dean
|
0-0: Swinging Strike 0-1: Ball 1-1: Ground out U3 (Groundball, 3L, EV 103.1 MPH)
|
|
Batting: SHB Dylan Novakowski
|
0-0: Ball 1-0: Ball 2-0: Called Strike 2-1: Foul Ball, location: 2F 2-2: Ball 3-2: Foul Ball, location: 2F 3-2: Foul Ball, location: 2F 3-2: Foul Ball, location: 2F 3-2: Foul Ball, location: 2F 3-2: Ground out 4-3 (Groundball, 4, EV 81.9 MPH)
|
|
Pitching: LHP Steve Cooper
|
|
|
Batting: LHB Jon Schick
|
0-0: Ball 1-0: Ball 2-0: Foul Ball, location: 2F 2-1: Foul Ball, location: 2F 2-2: Ball 3-2: Base on Balls
|
|
Batting: RHB Brock Van Gilder
|
0-0: Ball 1-0: Fly out, F7 (Line Drive, 7S, EV 93.1 MPH)
|
| Bottom of the 8th over - 0 runs, 0 hits, 0 errors, 1 left on base; California 1 - Toronto 6 |
| TOP OF THE 9TH |
|
California Angels batting - Pitching for Toronto Blue Jays : RHP Matt Altieri
|
|
Batting: RHB Nick Dunn
|
0-0: Ball 1-0: Ball 2-0: Ball 3-0: Called Strike 3-1: Called Strike 3-2: Strikes out swinging
|
|
Batting: RHB Ruben Velasco
|
0-0: Called Strike 0-1: Ball 1-1: Ball 2-1: Ball 3-1: Called Strike 3-2: Strikes out looking
|
|
Batting: LHB Javier Trujillo
|
0-0: Ball 1-0: Ground out 4-3 (Groundball, 4, EV 99.4 MPH)
|
| Top of the 9th over - 0 runs, 0 hits, 0 errors, 0 left on base; California 1 - Toronto 6 |
|